 Dungeon Crawl Stone Soup version 0.30-a0-1116-gebefce21f7 (webtiles) character file.

Game seed: 18377585261690494223

36 voltaire321 the Conjurer (level 3, -1/20 HPs)
             Began as a Deep Elf Conjurer on Apr 22, 2023.
             Slain by Terence
             ... wielding a +0 mace
              (4 damage)
             ... on level 2 of the Dungeon.
             The game lasted 00:04:22 (1589 turns).

voltaire321 the Conjurer (Deep Elf Conjurer)        Turns: 1589, Time: 00:04:23

Health: -1/20      AC:  2    Str:  6    XL:     3   Next: 19%
Magic:  0/9        EV: 12    Int: 22    God:
Gold:   195        SH:  0    Dex: 13    Spells: 5/8 levels left

rFire   . . .      SeeInvis .    g - +0 falchion
rCold   . . .      Faith    .    (no shield)
rNeg    . . .      Spirit   .    a - +0 robe
rPois   .          Reflect  .    (no helmet)
rElec   .          Rampage  .    (no cloak)
rCorr   .                        (no gloves)
Will    .....                    (no boots)
Stlth   ++                       (no amulet)
HPRegen 0.23/turn                (no ring)
MPRegen 0.11/turn                (no ring)

@: no status effects
A: no striking features
a: no special abilities


You were on level 2 of the Dungeon.
You visited 1 branch of the dungeon, and saw 2 of its levels.

You collected 195 gold pieces.

Inventory:

Hand Weapons
 g - a +0 falchion (weapon)
Armour
 a - a +0 robe (worn)
Wands
 j - a wand of charming (5)
Scrolls
 c - a scroll of enchant armour {unknown}
 d - a scroll of identify {unknown}
 e - 2 scrolls of teleportation {unknown}
Potions
 b - a potion of magic
 f - a potion of attraction {unknown}
 h - a potion of cancellation {unknown}
 i - a potion of ambrosia {unknown}
 k - a potion of curing


   Skills:
 + Level 0.7 Fighting
 + Level 0.6 Armour
 + Level 2.9 Dodging
 + Level 2.8 Stealth
 + Level 3.4 Spellcasting
 + Level 4.6 Conjurations


You had 5 spell levels left.
You knew the following spells:

 Your Spells              Type           Power      Damage    Failure   Level
a - Magic Dart            Conj           96%        1d7       1%          1
b - Searing Ray           Conj           48%        2d6       2%          2

Your spell library contained the following spells:

 Spells                   Type           Power      Damage    Failure   Level
 Dazzling Flash           Conj/Hex       26%        N/A       14%         3
 Fulminant Prism          Conj/Hex       6%         3d6       41%         4
 Iskenderun's Mystic Bla  Conj/Tloc      13%        2d5       41%         4


Dungeon Overview and Level Annotations

Branches:
Dungeon (2/15)

Altars:

Annotations:
D:2 Sigmund, Terence


Message History

Press: ? - help, Shift-Dir - straight line, f/p - Terence
Aim: Terence, wielding a +0 mace and wearing a +0 chain mail (moderately wounded, 85% to hit)
The searing ray hits Terence!
Terence is severely wounded. (Press . to maintain the ray.) Terence closely misses you.
The searing ray hits Terence but does no damage.
Terence is severely wounded.
Terence drinks a potion.
Terence is healed!
The searing ray hits Terence but does no damage.
Terence is moderately wounded.
Terence barely misses you.
Without enough magic to sustain it, your searing ray dissipates.
Terence misses you.
You hit Terence but do no damage.
Terence is moderately wounded.
Terence closely misses you.
You hit Terence but do no damage.
Terence is moderately wounded.
Terence hits you with a +0 mace.
You hit Terence.
Terence is heavily wounded.
Terence hits you with a +0 mace.
You hit Terence.
Terence is heavily wounded.
Terence completely misses you. Terence hits you with a +0 mace.
Aiming: Magic Dart (safe; 1% risk of failure)
Press: ? - help, Q - select action, (/) - cycle Shift-Dir - straight line, f/p - Terence
Aim: Terence, wielding a +0 mace and wearing a +0 chain mail (heavily wounded, 100% to hit)
The magic dart hits Terence but does no damage.
Terence is heavily wounded.
Terence misses you.
You hit Terence.
Terence is heavily wounded.
Terence hits you with a +0 mace!
* * * LOW HITPOINT WARNING * * *
You barely miss Terence.
Terence is heavily wounded.
Terence hits you with a +0 mace.
You die...

###### .....# ####.#
#### ####.#### #..
#.....(.# #.#
#.##.##.#### ###.####
#.##.......# #..@...#
.....##.##.# #.#@##.#
..##.##.##.###.#...
)###.##........####.#
## #.#####.#####.## #
####.#.......# ...
.............# #.#
.#####.......###.####
.#####..............#


You could see Terence.

Vanquished Creatures
  An adder (D:2)
  6 bats
  An endoplasm (D:1)
  A giant cockroach (D:1)
  3 goblins
  2 hobgoblins (D:1)
  3 jackals (D:1)
  A quokka (D:1)
  2 ball pythons
  4 kobolds (D:1)
  A rat (D:2)
25 creatures vanquished.

Vanquished Creatures (others)
  3 plants (D:1)
3 creatures vanquished.

Grand Total: 28 creatures vanquished

Notes
Turn   | Place    | Note
-------+----------+-------------------------------------------
     0 | D:1      | voltaire321 the Deep Elf Conjurer began the quest for the
                  | Orb.
     0 | D:1      | Reached XP level 1. HP: 10/10 MP: 6/6
   393 | D:1      | Reached XP level 2. HP: 15/15 MP: 0/8
   466 | D:1      | Learned a level 2 spell: Searing Ray
  1150 | D:2      | Noticed Sigmund
  1438 | D:2      | Reached XP level 3. HP: 20/20 MP: 5/9
  1570 | D:2      | Noticed Terence
  1589 | D:2      | Slain by Terence

Illustrated notes

Levels and vault maps discovered:
D:1:      eino_arrival_water_star, layout_basic, serial_forest,
          infiniplex_forest_straight_5, infiniplex_forest_clump_medium,
          infiniplex_forest_clump_large, infiniplex_forest_lined_2,
          infiniplex_forest_pool, infiniplex_forest_lined_4_way,
          grunt_decor_junction
D:2:      layout_loops_cross, basic_altar, uniq_crazy_yiuf_cottage,
          uniq_terence, uniq_sigmund

Action                     || total
---------------------------++-------
  Melee: Spear             ||     7
         Falchion          ||     6
   Cast: Magic Dart        ||    53
         Searing Ray       ||     2
  Dodge: Dodged            ||    18

Table legend: (Time is in decaauts)
 A = Elapsed time spent in this place.
 B = Non-inter-level travel time spent in this place.
 C = Inter-level travel time spent in this place.
 D = Time resting spent in this place.
 E = Time spent auto-exploring this place.
 F = Levels seen in this place.
 G = Mean time per level.
                   A        B        C        D        E       F      G
               +--------+--------+--------+--------+--------+-----+--------+
         Total |   1590 |   1552 |     38 |    136 |   1080 |   2 |  795.0 |
       Dungeon |   1590 |   1552 |     38 |    136 |   1080 |   2 |  795.0 |
               +--------+--------+--------+--------+--------+-----+--------+

Top non-repeatable levels by time:
     D:1: 1100 daAuts
     D:2: 490 daAuts
